 Dungeon Crawl Stone Soup version 0.31-a0-1389-g007bd0a (webtiles) character file.

Game seed: 16205714166478268634

205461 gwaga3 the Crack Shot (level 19, -26/157 HPs)
             Began as a Formicid Hunter on Dec 24, 2023.
             Was an Initiate of Gozag.
             Killed by an exploding culicivora zombie (38 damage)
             ... ignited by their inner flame
             ... on level 4 of the Spider Nest.
             The game lasted 01:01:11 (27994 turns).

gwaga3 the Crack Shot (Formicid Hunter)            Turns: 27994, Time: 01:01:12

Health: -26/157    AC: 11    Str: 20    XL:     19   Next: 39%
Magic:  19/19      EV: 26    Int: 11    God:    Gozag
Gold:   2765       SH: 11    Dex: 38    Spells: 18/18 levels left

rFire   . . .        a - +3 longbow (heavy)
rCold   + + .        A - +1 buckler {rPois}
rNeg    . . .        X - +3 leather armour of Lugonu's Pride {rElec rC+ Regen+}
rPois   +            (helmet unavailable)
rElec   +            I - +2 cloak of Raewa {rC+ Str+2 Dex+3 Stlth+}
rCorr   .            r - +0 pair of gloves
SInv    +            q - +0 pair of boots {Stlth+}
Will    +....        O - amulet of regeneration
Stlth   ++++++       G - +6 ring of dexterity
HPRegen 2.06/turn    t - ring of the Final Decision {rElec Int+2 Dex+6}
MPRegen 0.16/turn

%: no passive effects
@: gold aura
A: permanent stasis, dig shafts and tunnels, antennae 3, four strong arms
}: 1/15 runes: barnacled
a: Dig, Shaft Self, Renounce Religion, Potion Petition, Call Merchant, Bribe
Branch


You were on level 4 of the Spider Nest.
You worshipped Gozag.
Gozag was most pleased with you.
You visited 6 branches of the dungeon, and saw 31 of its levels.
You also visited: Sewer.

You collected 11078 gold pieces.
You spent 2155 gold pieces at shops.
You paid 6158 gold pieces to Gozag.

Inventory:

Hand Weapons
 a - a +3 heavy longbow (weapon)
Missiles
 n - 109 poisoned darts
 x - 5 throwing nets
 L - 10 curare-tipped darts
Armour
 p - a +2 kite shield of positive energy
 q - a +0 pair of boots of stealth (worn)
 r - a +0 pair of gloves (worn)
 A - a +1 buckler of poison resistance (worn)
 I - the +2 cloak of Raewa (worn) {rC+ Str+2 Dex+3 Stlth+}
   (You found it on level 10 of the Dungeon)

   Str+2:     It affects your strength (+2).
   Dex+3:     It affects your dexterity (+3).
   rC+:       It protects you from cold.
   Stlth+:    It makes you more stealthy.
 U - a +2 robe of resistance
 X - the +3 leather armour of Lugonu's Pride (worn) {rElec rC+ Regen+}
   (You bought it in a shop on level 1 of the Spider Nest)

   rC+:       It protects you from cold.
   rElec:     It insulates you from electricity.
   Regen+:    It increases your rate of health regeneration.
Jewellery
 l - a ring of willpower
 t - the ring of the Final Decision (right hand) {rElec Int+2 Dex+6}
   (You found it on level 6 of the Dungeon)

   [ring of dexterity]

   Int+2:     It affects your intelligence (+2).
   Dex+6:     It affects your dexterity (+6).
   rElec:     It insulates you from electricity.
 D - a ring of flight
 G - a +6 ring of dexterity (left hand)
 N - a ring of poison resistance
 O - an amulet of regeneration (around neck)
 P - a ring of willpower
 T - a ring of positive energy
Wands
 m - a wand of quicksilver (24)
 u - a wand of paralysis (40)
 v - a wand of flame (29)
 C - a wand of mindburst (29)
 F - a wand of iceblast (32)
 H - a wand of polymorph (11)
 V - a wand of digging (11)
Scrolls
 b - 2 scrolls of butterflies (quivered)
 c - 3 scrolls of fog
 k - 7 scrolls of enchant armour
 o - 4 scrolls of vulnerability
 s - 8 scrolls of identify
 y - 5 scrolls of fear
 E - 4 scrolls of poison
 J - 5 scrolls of revelation
 Q - 2 scrolls of torment
Potions
 d - 5 potions of invisibility
 e - a potion of attraction
 f - a potion of cancellation {unknown}
 g - 6 potions of enlightenment
 h - 5 potions of might
 i - a potion of brilliance
 w - 3 potions of magic
 z - 3 potions of ambrosia
 B - 6 potions of curing
 K - 4 potions of lignification
 R - 2 potions of mutation
 S - 5 potions of resistance


   Skills:
 + Level 16.0 Fighting
 * Level 25.8 Ranged Weapons
 - Level 10.5 Dodging
 - Level 4.0 Stealth
 - Level 11.5 Shields


You had 18 spell levels left.
You didn't know any spells.
Your spell library contained the following spells:

 Spells                   Type           Power      Damage    Failure   Level
 Freeze                   Ice            0%         1d3       43%         1
 Slow                     Hex            0%         N/A       43%         1
 Sting                    Conj/Alch      0%         1d3       43%         1
 Summon Small Mammal      Summ           0%         N/A       43%         1
 Ensorcelled Hibernation  Hex/Ice        0%         N/A       58%         2
 Jinxbite                 Hex            0%         N/A       58%         2
 Mercury Vapours          Alch/Air       0%         N/A       58%         2
 Static Discharge         Conj/Air       0%         3-3/arc   58%         2
 Sublimation of Blood     Necr           0%         N/A       58%         2
 Call Canine Familiar     Summ           0%         N/A       82%         3
 Confusing Touch          Hex            0%         N/A       82%         3
 Dazzling Flash           Conj/Hex       0%         N/A       82%         3
 Frozen Ramparts          Ice            0%         1d1       82%         3
 Fugue of the Fallen      Necr           0%         N/A       82%         3
 Hailstorm                Conj/Ice       0%         3d5       82%         3
 Inner Flame              Hex/Fire       0%         N/A       82%         3
 Ozocubu's Armour         Ice            0%         N/A       82%         3
 Sigil of Binding         Hex            0%         N/A       82%         3
 Summon Guardian Golem    Hex/Summ       0%         N/A       82%         3
 Vampiric Draining        Necr           0%         2d6       82%         3
 Volatile Blastmotes      Fire/Tloc      0%         2d10      82%         3
 Airstrike                Air            0%         2d(0-16)  99%         4
 Anguish                  Hex/Necr       0%         N/A       99%         4
 Animate Armour           Summ/Erth      0%         N/A       99%         4
 Brom's Barrelling Bould  Conj/Erth      0%         2d3       99%         4
 Cause Fear               Hex            0%         N/A       99%         4
 Dimensional Bullseye     Hex/Tloc       0%         N/A       99%         4
 Flame Wave               Conj/Fire      0%         2d4       99%         4
 Ignite Poison            Fire/Alch      0%         N/A       99%         4
 Leda's Liquefaction      Alch/Erth      0%         N/A       99%         4
 Manifold Assault         Tloc           0%         N/A       99%         4
 Olgreb's Toxic Radiance  Alch           0%         N/A       99%         4
 Passage of Golubria      Tloc           0%         N/A       99%         4
 Petrify                  Alch/Erth      0%         N/A       99%         4
 Sticky Flame             Fire/Alch      0%         2d4       99%         4
 Summon Ice Beast         Ice/Summ       0%         N/A       99%         4
 Summon Lightning Spire   Summ/Air       0%         N/A       99%         4
 Alistair's Intoxication  Alch           0%         N/A       100%        5
 Arcjolt                  Conj/Air       0%         1d10      100%        5
 Borgnjor's Vile Clutch   Necr/Erth      0%         N/A       100%        5
 Fireball                 Conj/Fire      0%         3d3       100%        5
 Irradiate                Conj/Alch      0%         3d11      100%        5
 Iskenderun's Battlesphe  Conj           0%         2d6       100%        5
 Lee's Rapid Deconstruct  Erth           0%         3d4*      100%        5
 Metabolic Englaciation   Hex/Ice        0%         N/A       100%        5
 Silence                  Hex/Air        0%         N/A       100%        5
 Summon Forest            Summ/Tloc      0%         N/A       100%        5
 Yara's Violent Unravell  Hex/Alch       0%         3d3       100%        5
 Conjure Ball Lightning   Conj/Air       0%         3x3d6     100%        6
 Death Channel            Necr           0%         N/A       100%        6
 Eringya's Noxious Bog    Alch           0%         4d6       100%        6
 Plasma Beam              Fire/Air       0%         2x1d10    100%        6
 Starburst                Conj/Fire      0%         6d3       100%        6
 Enfeeble                 Hex            0%         N/A       100%        7
 Orb of Destruction       Conj           0%         9d5       100%        7
 Summon Hydra             Summ           0%         N/A       100%        7
 Discord                  Hex            0%         N/A       100%        8
 Ignition                 Fire           0%         3d3       100%        8
 Lehudib's Crystal Spear  Conj/Erth      0%         10d2      100%        8
 Maxwell's Capacitive Co  Air            0%         ∞         100%        8
 Dragon's Call            Summ           0%         N/A       100%        9
 Animate Dead             Necr           Unusable   N/A       N/A         4
 Vhi's Electric Charge    Tloc/Air       Unusable   N/A       N/A         4
 Simulacrum               Ice/Necr       Unusable   N/A       N/A         6

Dungeon Overview and Level Annotations

Branches:
Dungeon (15/15)            Temple (1/1) D:4            Lair (5/5) D:10
 Shoals (4/4) Lair:2       Spider (4/4) Lair:2        Slime (0/5) Lair:4
    Orc (2/2) D:9             Elf (0/3) Orc:2        Vaults (0/5) D:14
 Depths (0/4) D:15          Sewer (visited)

Altars:
Ashenzari
Cheibriados
Dithmenos
Elyvilon
Fedhas
Gozag
Hepliaklqana
Kikubaaqudgha
Makhleb
Nemelex Xobeh
Okawaru
Qazlal
Ru
Sif Muna
Trog
Uskayaw
Vehumet
Wu Jian
Xom
Yredelemnul
Zin
The Shining One
Jiyva

Shops:
D:6 =   D:10 [(   D:15 *   Orc:1 (   Orc:2 [*(:   Lair:5 ==   Shoals:2 *
Shoals:4 (   Spider:1 [=[

Annotations:
Shoals:1 3 runed translucent doors, Zitsogiy's ghost, adept MeAl
Shoals:4 6 transporters


Innate Abilities, Weirdness & Mutations

You cannot be hasted, slowed, berserked, paralysed or teleported.
You can dig through walls and to a lower floor.
You have a pair of large antennae on your head. (SInv)
Your four strong arms can wield two-handed weapons with a shield.


Message History

Press: ? - help, Shift-Dir - straight line, f/p - jumping spider zombie
Aim: a jumping spider zombie (flame, heavily damaged, 85% to hit)
You shoot an arrow.
The arrow hits the jumping spider zombie!
The jumping spider zombie is severely damaged.
The culicivora zombie is no longer distracted by gold.
A death scarab comes into view.
The jumping spider zombie is engulfed in blazing flames.
The jumping spider zombie completely misses you.
You block the jumping spider zombie's attack.
The jumping spider zombie is engulfed in blazing flames.
The jumping spider zombie pounces on you but does no damage.
You block the jumping spider zombie's attack.
The culicivora zombie is engulfed in blazing flames.
Flame seeps out of the culicivora zombie.
Fire: a) +3 longbow (heavy)
Press: ? - help, Shift-Dir - straight line, f/p - jumping spider zombie
Aim: a jumping spider zombie (flame, almost destroyed, 85% to hit)
You shoot an arrow.
The arrow hits the jumping spider zombie!!
You destroy the jumping spider zombie!
The spectral wolf spider is no longer distracted by gold.
The spectral culicivora is no longer distracted by gold.
The death scarab is distracted by your dazzling golden aura.
The spectral culicivora is distracted by your dazzling golden aura.
The culicivora zombie is engulfed in blazing flames.
Flame seeps out of the culicivora zombie.
The culicivora zombie completely misses you.
Fire: a) +3 longbow (heavy)
Press: ? - help, Shift-Dir - straight line, f - culicivora zombie
Aim: a culicivora zombie (flame, heavily damaged, inner flame, 79% to hit)
You shoot an arrow.
The death scarab's many legs skitter faintly.
The arrow hits the culicivora zombie!!!
The culicivora zombie explodes!
The fiery explosion engulfs the spectral wolf spider!!
The spectral wolf spider is heavily damaged.
The fiery explosion engulfs you!!!
You die...
Your body crumbles into a pile of gold.

#~...##########...#..~..#..^.....
#~~..# ,[$.^..#^..#^.#.~##.##....
#~~~~# ......#..$#...~~######...
#~~~## [....^'.^##...~~~#####...
~~~~.# .!....'...#...~~~~~##~~..
~~~.^# $...$B'☼§☼#...~~~~~~~~~..
~~~~~# .!....$☼^§#...~~~##~~~~..
####~# $...ZBZ§☼§#...#~#####~...
#~~~## ......#☼@§#...^~# ##~..
#~~..# {!.^..^#§§§#.....#.###....
#~...##########...#..#.^#..^)....
#........#.^...$.$#.....#.8(8....
#..#.............##....##........
#............#....#.....#.....#.#
###################..~~.#.8.8....
..~~~#~~~..(.......#~~~~#.....##.
~~~~~~~........|....~~~~#........


You could see a spectral wolf spider, a spectral culicivora and 2 death scarabs.

Vanquished Creatures
  Arachne (Spider:4)
  Jorgrun (Spider:3)
  Rupert (Spider:1)
  Polyphemus (Shoals:2)
  A kraken (Shoals:4)
  Frances (Spider:1)
  Kirke (D:15)
  Aizul (Spider:3)
  Ilsuiw (Shoals:2)
  Roxanne (D:15)
  6 emperor scorpions
  5 ghost moths
  The ghost of wqsa789 the Impaler, a journeyman HuGl of Hepliaklqana (D:15)
  An orc warlord (Orc:2)
  A broodmother (Spider:3)
  3 spark wasps
  4 merfolk javelineers
  4 merfolk impalers
  An entropy weaver (Spider:4)
  A fire dragon (D:15)
  A vault guard (D:14)
  2 ettins
  An ice dragon (D:15)
  A catoblepas (Shoals:2)
  4 hydras
  2 radroaches
  Erica (Lair:1)
  15 boulder beetles
  3 centaur warriors
  4 death yaks (Shoals:2)
  An ogre mage (Orc:2)
  3 merfolk avatars (Shoals:4)
  6 two-headed ogres
  4 merfolk aquamancers
  4 death scarabs (Spider:4)
  2 hell hogs (Lair:5)
  7 demonic crawlers
  2 satyrs
  An orc high priest (Orc:2)
  3 skysharks
  A deep elf knight (D:14)
  7 pharaoh ants
  10 sea snakes
  A deep elf archer (D:14)
  Pikel (D:6)
  12 orb spiders
  10 steelbarb worms
  A sun moth (Spider:2)
  3 spectral jorogumos (Spider:4)
  11 harpies
  6 orc knights
  4 orc sorcerers
  10 wolf spiders
  A lindwurm (Lair:5)
  4 deep elf pyromancers
  An ugly thing (D:12)
  11 cyclopes
  Maurice (D:7)
  3 moths of wrath
  An elephant (D:10)
  18 manticores
  Joseph (D:8)
  4 black mambas
  11 fauns
  2 molten gargoyles (Lair:5)
  6 meliai
  A kobold blastminer (Orc:2)
  8 merfolk sirens
  8 water nymphs
  13 cane toads
  4 gargoyles
  3 torpor snails
  An unseen horror (D:11)
  Maggie (D:8)
  3 spectral redbacks (Spider:4)
  A yaktaur (D:14)
  14 komodo dragons
  2 kobold demonologists
  2 efreet
  A rime drake (Lair:5)
  A tengu conjurer (D:14)
  A polar bear (Lair:5)
  26 merfolk
  8 trolls
  4 wind drakes
  3 spectral tarantellas (Spider:4)
  A jumping spider zombie (Spider:4)
  15 blink frogs
  30 tarantellas
  11 dream sheep
  A hornet (D:9)
  A culicivora zombie (Spider:4)
  4 tyrant leeches (Spider:4)
  24 slime creatures
  A tarantella zombie (Spider:4)
  A shadow (D:9)
  6 snapping turtles
  31 jumping spiders
  An air elemental (D:10)
  A vampire (D:11)
  15 culicivoras
  11 water elementals
  2 wraiths
  9 basilisks
  A fire elemental (D:10)
  A hog (D:15)
  2 wyverns
  29 yaks
  A human (D:14)
  26 redbacks
  3 steam dragons (Lair:5)
  6 wargs (Orc:2)
  2 vampire mosquitoes (Spider:2)
  15 water moccasins
  3 hell hounds (Lair:5)
  Duvessa (D:5)
  26 orc warriors
  A sky beast (D:7)
  3 black bears
  10 centaurs
  9 ogres
  3 lemures (D:6)
  9 wolves
  3 phantoms
  20 kobold brigands
  18 bullfrogs
  Blork the orc (D:4)
  2 gnoll sergeants
  2 scorpions (D:5)
  An earth elemental (D:10)
  5 wights (D:7)
  3 killer bees (D:10)
  Dowan (D:5)
  An electric eel (Spider:1)
  2 bombardier beetles
  7 howler monkeys
  5 lava snakes (Lair:5)
  5 jellies
  A gnoll bouda (D:8)
  4 hounds
  14 orc priests
  4 iguanas
  Jessica (D:2)
  Ijyb (D:5)
  22 orc wizards
  Natasha (thrice) (D:4)
  7 hell rats (Lair:1)
  12 gnolls
  13 adders
  2 river rats (Sewer)
  2 shadow imps
  3 white imps (D:4)
  4 ufetubi
  2 worms
  3 dart slugs
  80 orcs
  12 ball pythons
  3 bats
  14 endoplasms
  9 giant cockroaches
  9 hobgoblins
  3 jackals (D:2)
  18 kobolds
  5 quokkas
  8 frilled lizards
  12 goblins
  10 rats
  3 tentacles (Shoals:4)
1026 creatures vanquished.

Vanquished Creatures (others)
  A merfolk (Shoals:3)
  3 tentacles (Shoals:4)
4 creatures vanquished.

Grand Total: 1030 creatures vanquished

Notes
Turn   | Place    | Note
-------+----------+-------------------------------------------
     0 | D:1      | gwaga3 the Formicid Hunter began the quest for the Orb.
     0 | D:1      | Reached XP level 1. HP: 16/16 MP: 1/1
    66 | D:1      | Reached XP level 2. HP: 23/23 MP: 2/2
   432 | D:1      | Reached XP level 3. HP: 28/28 MP: 3/3
   839 | D:2      | Found a faded altar of an unknown god.
   851 | D:2      | Reached XP level 4. HP: 35/35 MP: 4/4
   927 | D:2      | Reached skill level 5 in Ranged Weapons
  1368 | D:3      | Noticed Jessica
  1380 | D:2      | Killed Jessica
  1381 | D:2      | Reached XP level 5. HP: 21/41 MP: 5/5
  1846 | D:3      | Noticed a water moccasin
  1864 | D:3      | Killed a water moccasin
  1865 | D:3      | Reached skill level 6 in Ranged Weapons
  1865 | D:3      | Reached XP level 6. HP: 23/48 MP: 6/6
  1981 | D:3      | Found a glowing drain.
  1991 | Sewer    | Entered a sewer
  2138 | Sewer    | Found a viscous altar of Jiyva.
  2160 | Sewer    | Reached XP level 7. HP: 55/55 MP: 7/7
  2421 | D:3      | Reached skill level 7 in Ranged Weapons
  2792 | D:4      | Reached skill level 5 in Fighting
  2814 | D:4      | Noticed Natasha
  2821 | D:4      | Killed Natasha
  2825 | D:4      | Noticed Natasha
  2833 | D:4      | Killed Natasha
  2866 | D:4      | Found a sacrificial altar of Ru.
  3125 | D:4      | Noticed Natasha
  3132 | D:4      | Killed Natasha
  3195 | D:4      | Found a staircase to the Ecumenical Temple.
  3203 | Temple   | Entered the Ecumenical Temple
  3212 | Temple   | Became a worshipper of Gozag Ym Sagoz the Greedy
  3233 | D:5      | Entered Level 5 of the Dungeon
  3357 | D:4      | Noticed Blork the orc
  3361 | D:4      | Killed Blork the orc
  3495 | D:4      | Found a bloodstained altar of Trog.
  3561 | D:4      | Reached XP level 8. HP: 63/63 MP: 8/8
  3868 | D:4      | Reached skill level 8 in Ranged Weapons
  4073 | D:5      | Noticed Duvessa
  4073 | D:5      | Noticed Dowan
  4083 | D:5      | Killed Duvessa
  4089 | D:5      | Killed Dowan
  4421 | D:5      | Reached skill level 9 in Ranged Weapons
  4585 | D:5      | Noticed Ijyb
  4592 | D:5      | Killed Ijyb
  4624 | D:5      | Found an ornate altar of the Wu Jian Council.
  4625 | D:5      | Found a shimmering altar of Xom.
  4626 | D:5      | Found a basalt altar of Yredelemnul.
  4629 | D:5      | Found a blossoming altar of Fedhas.
  4879 | D:6      | Reached XP level 9. HP: 72/72 MP: 9/9
  4895 | D:6      | Identified the ring of the Final Decision {rElec Int+2
                  | Dex+6}
  4954 | D:6      | Reached skill level 10 in Ranged Weapons
  4969 | D:6      | Noticed Pikel
  4985 | D:6      | Killed Pikel
  5130 | D:6      | Reached skill level 11 in Ranged Weapons
  5131 | D:6      | Found Mupnalot's Jewellery Emporium.
  5358 | D:6      | Reached XP level 10. HP: 82/82 MP: 10/10
  5511 | D:6      | Identified a scroll of acquirement
  5514 | D:6      | Acquired a +2 longbow of freezing
  5975 | D:7      | Reached skill level 12 in Ranged Weapons
  5995 | D:7      | Noticed Maurice
  6000 | D:7      | Killed Maurice
  6594 | D:8      | Noticed Joseph
  6603 | D:8      | Killed Joseph
  6864 | D:8      | Reached skill level 10 in Fighting
  6870 | D:8      | Reached skill level 13 in Ranged Weapons
  6929 | D:8      | Noticed Maggie
  6934 | D:8      | Killed Maggie
  7293 | D:9      | Reached XP level 11. HP: 91/91 MP: 11/11
  7560 | D:9      | Reached skill level 1 in Shields
  7639 | D:9      | Found a staircase to the Orcish Mines.
  7899 | D:9      | Reached skill level 14 in Ranged Weapons
  8127 | D:10     | Entered Level 10 of the Dungeon
  8134 | D:10     | Identified the +2 cloak of Raewa {rC+ Str+2 Dex+3 Stlth+}
  8270 | D:10     | Found a broken altar of Ashenzari.
  8486 | D:10     | Noticed an elephant
  8489 | D:10     | Killed an elephant
  8502 | D:10     | You fall into a shaft and drop 3 floors!
  8852 | D:12     | Noticed a manticore
  8861 | D:12     | Killed a manticore
  9026 | D:11     | Reached skill level 5 in Shields
  9076 | D:11     | Reached XP level 12. HP: 94/99 MP: 12/12
  9296 | D:11     | Reached skill level 15 in Ranged Weapons
  9588 | D:11     | Noticed a two-headed ogre
  9595 | D:11     | Killed a two-headed ogre
  9644 | D:11     | Noticed a boulder beetle
  9647 | D:11     | Killed a boulder beetle
  9756 | D:10     | Found a staircase to the Lair.
  9934 | D:10     | Found a large runed translucent door.
  9934 | D:10     | Found a large runed translucent door.
 10107 | D:10     | Bought a +2 leather armour of fire resistance for 304 gold
                  | pieces
 10118 | D:10     | Bought a +0 pair of boots of stealth for 184 gold pieces
 10209 | Orc:1    | Entered Level 1 of the Orcish Mines
 10280 | Orc:1    | Reached skill level 16 in Ranged Weapons
 10505 | Orc:1    | Noticed an ettin
 10536 | Orc:1    | Killed an ettin
 10668 | Orc:1    | Found Qiemequo's Weapon Boutique.
 10829 | Orc:2    | Entered Level 2 of the Orcish Mines
 10939 | Orc:2    | Noticed an orc high priest
 11006 | Orc:2    | Noticed an ogre mage
 11010 | Orc:2    | Killed an ogre mage
 11010 | Orc:2    | Noticed a two-headed ogre
 11014 | Orc:2    | Killed a two-headed ogre
 11015 | Orc:2    | Reached XP level 13. HP: 104/104 MP: 13/13
 11132 | Orc:2    | Reached skill level 17 in Ranged Weapons
 11132 | Orc:2    | Reached skill level 10 in Shields
 11158 | Orc:2    | Noticed an orc warlord
 11175 | Orc:2    | Killed an orc warlord
 11354 | Orc:2    | Found Impufaj's Book Emporium.
 11373 | Orc:2    | Found Sorres's Antique Weapon Emporium.
 11395 | Orc:2    | Bought a smoking sling for 195 gold pieces
 11395 | Orc:2    | Identified the +4 sling of the Dove {drain, rF++ rCorr}
                  | (You bought it in a shop on level 2 of the Orcish Mines)
 11553 | Orc:2    | Noticed an ettin
 11578 | Orc:2    | Killed an ettin
 11748 | Orc:2    | Found a staircase to the Elven Halls.
 11844 | Orc:2    | Found Uryal's General Store.
 11850 | Orc:2    | Bought a scroll of identify for 36 gold pieces
 11884 | Orc:2    | Found Kefir's Antique Armour Emporium.
 11890 | Orc:2    | Bought a smoking leather armour for 189 gold pieces
 11890 | Orc:2    | Identified the +1 leather armour "Jiblum" {Str+3} (You
                  | bought it in a shop on level 2 of the Orcish Mines)
 12019 | Orc:2    | Reached skill level 18 in Ranged Weapons
 12180 | D:4      | Identified the +9 hand axe of Inference {elec, rElec Will+
                  | rCorr}
 12299 | Lair:1   | Entered Level 1 of the Lair of Beasts
 12582 | Lair:1   | Noticed Erica
 12589 | Lair:1   | Killed Erica
 12732 | Lair:1   | Reached XP level 14. HP: 111/111 MP: 14/14
 13234 | Lair:2   | Found a hole to the Spider Nest.
 13522 | Lair:2   | Identified the +5 mace "Mumov" {venom, rF+ Dex+3 Stlth+}
 13689 | Lair:2   | Reached skill level 19 in Ranged Weapons
 13738 | Lair:2   | Found a staircase to the Shoals.
 13972 | Lair:3   | Reached skill level 5 in Dodging
 14356 | Lair:3   | Found the +7 sceptre of Torment {pain, torment}
 15114 | Lair:4   | Found a viscous altar of Jiyva.
 15116 | Lair:4   | Found a staircase to the Slime Pits.
 15543 | Lair:5   | Entered Level 5 of the Lair of Beasts
 15649 | Lair:5   | Bought an amulet of regeneration for 510 gold pieces
 15932 | Lair:5   | Reached skill level 20 in Ranged Weapons
 16110 | Lair:5   | Reached XP level 15. HP: 117/117 MP: 15/15
 16121 | Lair:5   | Found a large runed translucent door.
 16176 | Lair:5   | Found a large runed translucent door.
 16762 | Lair:5   | Got Sif Muna's Spellbook of Malisons
 17819 | D:13     | Reached skill level 21 in Ranged Weapons
 17831 | D:13     | Found a sparkling altar of Nemelex Xobeh.
 19156 | D:14     | You fall into a shaft and drop 1 floor!
 19156 | D:15     | Entered Level 15 of the Dungeon
 19473 | D:15     | Found a staircase to the Depths.
 19520 | D:15     | Noticed Kirke
 19528 | D:15     | Killed Kirke
 19529 | D:15     | Reached XP level 16. HP: 124/124 MP: 16/16
 19548 | D:15     | Found a runed translucent door.
 19551 | D:15     | Noticed wqsa789's ghost (journeyman HuGl)
 19596 | D:15     | Found Antodeycigh's Alliterative Armaments.
 19637 | D:15     | Found an ornate altar of the Wu Jian Council.
 19802 | D:15     | Noticed Roxanne
 19817 | D:15     | Killed Roxanne
 20052 | D:15     | Killed wqsa789's ghost
 20378 | D:14     | Found a gate to the Vaults.
 21034 | Shoals:1 | Entered Level 1 of the Shoals
 21339 | Shoals:1 | Found a runed translucent gate.
 21342 | Shoals:1 | Found a runed translucent gate.
 21343 | Shoals:1 | Found a runed translucent gate.
 21344 | Shoals:1 | Noticed Zitsogiy's ghost (adept MeAl)
 21360 | Shoals:1 | Reached skill level 22 in Ranged Weapons
 21552 | Shoals:2 | Found Foxe's General Store.
 21553 | Shoals:2 | Noticed Ilsuiw
 21565 | Shoals:2 | Killed Ilsuiw
 21612 | Shoals:2 | Bought a scroll of enchant weapon for 127 gold pieces
 21871 | Shoals:2 | Noticed Polyphemus
 21896 | Shoals:2 | Killed Polyphemus
 21897 | Shoals:2 | Reached skill level 10 in Dodging
 22358 | Shoals:3 | HP: 4/127 [wind drake/the air (7)]
 22652 | Shoals:3 | Reached XP level 17. HP: 133/133 MP: 17/17
 23008 | Shoals:4 | Entered Level 4 of the Shoals
 23008 | Shoals:4 | Found Ybahax's Weapon Boutique.
 23038 | Shoals:4 | Identified the +0 chain mail of Peek-a-Boo {rElec rPois
                  | MP+9}
 23162 | Shoals:4 | Reached skill level 23 in Ranged Weapons
 23168 | Shoals:4 | Found a transporter.
 23172 | Shoals:4 | Found a transporter.
 23183 | Shoals:4 | Found a transporter.
 23186 | Shoals:4 | Found a transporter.
 23649 | Shoals:4 | Noticed a kraken
 23660 | Shoals:4 | Killed a kraken
 23769 | Shoals:4 | Got a barnacled rune of Zot
 23961 | Shoals:4 | Found a transporter.
 23963 | Shoals:4 | Found a transporter.
 24199 | Spider:1 | Entered Level 1 of the Spider Nest
 24199 | Spider:1 | Noticed Frances
 24202 | Spider:1 | Killed Frances
 24297 | Spider:1 | Noticed Rupert
 24302 | Spider:1 | Killed Rupert
 24442 | Spider:1 | Bought a brightly glowing robe for 176 gold pieces
 24442 | Spider:1 | Identified the +2 robe of Zomnuur {Dex+2} (You bought it in
                  | a shop on level 1 of the Spider Nest)
 24442 | Spider:1 | Bought a scorched leather armour for 217 gold pieces
 24442 | Spider:1 | Identified the +1 leather armour of the Red Skies {Will+
                  | Int+3} (You bought it in a shop on level 1 of the Spider
                  | Nest)
 24442 | Spider:1 | Bought a polished leather armour for 217 gold pieces
 24442 | Spider:1 | Identified the +3 leather armour of Lugonu's Pride {rElec
                  | rC+ Regen+} (You bought it in a shop on level 1 of the
                  | Spider Nest)
 24780 | Spider:1 | Identified the +1 scale mail of the Modern Seers {rElec rN+
                  | Dex-5}
 24827 | Spider:1 | Reached skill level 24 in Ranged Weapons
 25105 | Spider:2 | Reached XP level 18. HP: 145/145 MP: 8/18
 26785 | Spider:3 | Identified the serpent talisman of Mesyisk {Str+9 Int-5}
 26785 | Spider:3 | Noticed Aizul
 26790 | Spider:3 | Killed Aizul
 26796 | Spider:3 | Reached skill level 15 in Fighting
 26867 | Spider:3 | Noticed Jorgrun
 26869 | Spider:3 | Killed Jorgrun
 26870 | Spider:3 | Reached skill level 25 in Ranged Weapons
 27201 | Spider:4 | Entered Level 4 of the Spider Nest
 27551 | Spider:4 | Reached XP level 19. HP: 155/155 MP: 19/19
 27630 | Spider:4 | Noticed Arachne
 27637 | Spider:4 | Killed Arachne
 27989 | Spider:4 | HP: 2/157 [cloud of flame (17)]
 27994 | Spider:4 | Killed by an exploding culicivora zombie... ignited by
                  | their inner flame

Illustrated notes

Levels and vault maps discovered:
D:1:      doesnt_arrival_eight_statues, layout_basic, minmay_close_crescents
D:2:      layout_loops_cross, hellmonk_ecumenical_altar_dog_temple
D:3:      layout_basic, portal_sewer_entry_b, uniq_jessica
D:4:      layout_cave_pools, nicolae_ru_sacrificial_ziggurat,
          trog_hazing_becter, temple_green, serial_demonic, serial_demonic_b,
          serial_demonic_e, serial_demonic_c, serial_demonic_f,
          minmay_fractal_squares_gapless_5, uniq_blork_the_orc, uniq_natasha
D:5:      layout_basic, minitemple, uniq_duvessa, uniq_ijyb
D:6:      layout_rooms, serial_shops, shop, uniq_pikel
D:7:      layout_gridville, uniq_maurice
D:8:      layout_loops_ring, uniq_joseph, uniq_maggie
D:9:      layout_basic, hiddenorc2_lemuel, small_statue_intersection,
          minmay_misc_feat_tower, feat_on_display
D:10:     layout_cave_pools, nicolae_overflow_crystal_walls, david_lair_generic,
          minmay_misc_feat_hallway, lightli_elemental_guards
D:11:     layout_roguey [special_room_kobold]
D:12:     layout_irregular_city
D:13:     layout_basic, minmay_ruined_shrine
D:14:     layout_loops_corners, grunt_vaults_entry_fortified, abandoned_shop,
          minmay_misc_feat_encased, st_stairs_13
D:15:     grunt_enter_depths_hoard, layout_irregular_city,
          hellmonk_ghost_happy_afterlife, nzn_wu_jian_council_hall,
          monkooky_shop_alliterative, uniq_kirke, uniq_roxanne
Temple:   eino_wide_crystal_templ
Lair:1:   layout_cellular_growth, grunt_megastairs_2, uniq_erica
Lair:2:   layout_concentric_octagons, elwin_shoals_entry_rooms,
          spider_nest_entry_rubble, grunt_megastairs_5
Lair:3:   layout_cave_pods, grunt_megastairs_4
Lair:4:   layout_loops_ring, slime_entry_1
Lair:5:   cheibrodos_lair_end_hotspot, layout_gridlike
Shoals:1: layout_shoals, ebering_ghost_rock_garden
Shoals:2: layout_shoals, nicolae_stop_n_shop_2,
          nicolae_shoals_nymph_descending_staircase, uniq_polyphemus,
          uniq_ilsuiw
Shoals:3: layout_shoals
Shoals:4: shoals_end_hangedman, layout_shoals, serial_shops, shop,
          serial_nicolae_subway, nicolae_sub_station_stone,
          nicolae_sub_station_crystal, nicolae_sub_station_metal
Spider:1: layout_spider_delve, uniq_rupert, uniq_frances
Spider:2: layout_chambers, einodemon_crawler_minivault,
          hangedman_spider_tarantella_strand
Spider:3: layout_spider_delve, uniq_aizul, uniq_jorgrun
Spider:4: floodkiller_spider_rune_tomb, hangedman_stitches_earthworm,
          uniq_arachne, uniq_mlioglotl, uniq_agnes
Orc:1:    layout_diamond_mine, serial_shops, nicolae_shop_tiny_glass
Orc:2:    grunt_orc_cross, layout_caves

Skill      XL: |  1  2  3  4  5  6  7  8  9 10 11 12 13 14 15 16 17 18 19 |
---------------+----------------------------------------------------------+-----
Fighting       | 3 4 5 7 8 10 12 13 15 16 | 16.0
Ranged Weapons | 5 6 7 9 11 13 14 16 18 20 21 22 24 25 | 25.8
Shields        | 5 9 11 | 11.5
Stealth        | 4 |  4.0
Dodging        | 3 6 8 10 | 10.5

Action                     |  1- 3 |  4- 6 |  7- 9 | 10-12 | 13-15 | 16-18 | 19-21 || total
---------------------------+-------+-------+-------+-------+-------+-------+-------++-------
   Fire: Shortbow          |    82 |   166 |    89 |       |       |       |       ||   337
         Orcbow            |       |       |   209 |       |       |       |       ||   209
         Longbow           |       |       |       |   498 |   815 |   866 |   112 ||  2291
  Throw: Throwing net      |       |       |       |       |       |     2 |       ||     2
         Dart              |       |       |       |       |       |     2 |       ||     2
 Invoke: Call Merchant     |       |       |       |     2 |     2 |     3 |       ||     7
Ability: Dig               |       |       |     2 |     4 |     1 |     3 |     2 ||    12
         Shaft Self        |       |       |       |     2 |     1 |       |       ||     3
    Use: Scroll            |       |     4 |     1 |     9 |    14 |     6 |     1 ||    35
         Potion            |       |       |       |       |       |     8 |     1 ||     9
 Armour: Leather armour    |    16 |    35 |    82 |    91 |    53 |    87 |    20 ||   384
         Robe              |       |       |       |       |       |   100 |       ||   100
  Dodge: Dodged            |    19 |    47 |    57 |    55 |    64 |   347 |    31 ||   620
  Block: Buckler           |       |       |       |    36 |    39 |   219 |    16 ||   310

Table legend: (Time is in decaauts)
 A = Elapsed time spent in this place.
 B = Non-inter-level travel time spent in this place.
 C = Inter-level travel time spent in this place.
 D = Time resting spent in this place.
 E = Time spent auto-exploring this place.
 F = Levels seen in this place.
 G = Mean time per level.
                   A        B        C        D        E       F      G
               +--------+--------+--------+--------+--------+-----+--------+
         Total |  28416 |  26083 |   2333 |    346 |  20718 |  32 |  888.0 |
       Dungeon |  14146 |  12613 |   1533 |    346 |  10041 |  15 |  943.1 |
        Temple |     18 |      1 |     17 |      0 |      0 |   1 |   18.0 |
          Lair |   4798 |   4345 |    453 |      0 |   3734 |   5 |  959.6 |
        Shoals |   3500 |   3295 |    205 |      0 |   2622 |   4 |  875.0 |
   Spider Nest |   3871 |   3827 |     44 |      0 |   2870 |   4 |  967.8 |
  Orcish Mines |   1848 |   1769 |     79 |      0 |   1337 |   2 |  924.0 |
         Sewer |    233 |    233 |      0 |      0 |    113 |   1 |  233.0 |
               +--------+--------+--------+--------+--------+-----+--------+

Top non-repeatable levels by time:
Spider:2: 1525 daAuts
    D:13: 1284 daAuts
     D:4: 1264 daAuts
  Lair:5: 1261 daAuts
   Orc:2: 1224 daAuts
Shoals:4: 1198 daAuts
     D:3: 1073 daAuts
    D:14: 1069 daAuts
     D:9: 1034 daAuts
     D:5: 1028 daAuts
  Lair:3: 1018 daAuts
  Lair:1: 1010 daAuts
    D:15: 930 daAuts
    D:10: 913 daAuts
    D:11: 899 daAuts
